 Dungeon Crawl Stone Soup version 0.27.1-33-g824d729ab1 (webtiles) character file.

Game seed: 2134008249862318467

812 Teslajakalope the Chopper (level 7, -1/61 HPs)
             Began as a Minotaur Fighter on Dec 31, 2021.
             Was a Believer of Trog.
             Slain by a yak (8 damage)
             ... on level 5 of the Dungeon.
             The game lasted 00:09:18 (3277 turns).

Teslajakalope the Chopper (Minotaur Fighter)        Turns: 3277, Time: 00:09:19

Health: -1/61      AC:  7    Str: 23    XL:     7   Next: 61%
Magic:  6/6        EV:  8    Int:  5    God:    Trog [**....]
Gold:   207        SH: 10    Dex:  9    Spells: 6/6 levels left

rFire    . . .     SeeInvis +   a - +0 war axe
rCold    . . .     Faith    .   c - +0 kite shield
rNeg     . . .     Spirit   .   b - +0 scale mail
rPois    .         Reflect  .   (helmet restricted)
rElec    .         Harm     .   (no cloak)
rCorr    .         Rampage  .   (no gloves)
Will     .....                  (no boots)
Stlth    ..........             j - amulet of regeneration
HPRegen  1.20/turn              v - ring of see invisible
MPRegen  0.10/turn              (no ring)

@: no status effects
A: horns 2, retaliatory headbutt
a: Renounce Religion, Berserk, Trog's Hand


You were on level 5 of the Dungeon.
You worshipped Trog.
Trog was pleased with you.
You visited 1 branch of the dungeon, and saw 5 of its levels.

You collected 207 gold pieces.

Inventory:

Hand Weapons
 a - a +0 war axe (weapon)
 q - a +1 spear of venom
Missiles
 p - 7 silver javelins (quivered)
 r - a throwing net
Armour
 b - a +0 scale mail (worn)
 c - a +0 kite shield (worn)
Jewellery
 j - an amulet of regeneration (around neck)
 u - a +6 ring of intelligence
 v - a ring of see invisible (left hand)
Scrolls
 f - a scroll of enchant weapon {unknown}
 g - a scroll of acquirement {unknown}
 h - a scroll of magic mapping {unknown}
 i - 2 scrolls of identify {unknown}
 k - 4 scrolls of teleportation {unknown}
 l - a scroll of amnesia {unknown}
Potions
 d - a potion of might
 e - a potion of flight {unknown}
 m - a potion of invisibility {unknown}
 n - a potion of resistance {unknown}
 o - a potion of haste {unknown}
 s - a potion of degeneration {unknown}
 t - 2 potions of brilliance {unknown}


   Skills:
 + Level 5.1 Fighting
 + Level 6.3 Axes
 - Level 0.5 Throwing
 + Level 6.2 Armour
 - Level 2.1 Dodging
 - Level 0.1 Stealth
 - Level 5.9 Shields


You had 6 spell levels left.
You didn't know any spells.
Your spell library contained the following spells:

 Spells                   Type           Power      Damage    Failure   Level
 Freeze                   Ice            0%         1d3       99%         1
 Frozen Ramparts          Ice            0%         1d2       100%        3
 Gell's Gravitas          Tloc           0%         N/A       100%        3
 Lesser Beckoning         Tloc           0%         N/A       100%        3
 Teleport Other           Tloc           0%         N/A       100%        3
 Hailstorm                Conj/Ice       0%         3d3       100%        4


Dungeon Overview and Level Annotations

Branches:
Dungeon (5/15)
 Temple: D:4-7

Altars:
Nemelex Xobeh
Trog
Yredelemnul

Shops:
D:1 *

Annotations:
D:2 1 runed translucent door, Crazy Yiuf
D:4 3 runed translucent doors, exclusion: 3 doors, scisormetimb3rs's ghost, novice BaFi


Innate Abilities, Weirdness & Mutations

You have a pair of horns on your head.
You reflexively headbutt those who attack you in melee.


Message History

Trog accepts your kill.
Your Axes skill increases to level 6!
Your Armour skill increases to level 6!
You start resting.
HP restored.
You climb downwards.
The yak bellows!
You block the yak's attack.
There is a stone staircase leading up here.
You hit the yak.
The yak is lightly wounded.
The yak gores you! The yak gores you but does no damage.
You hit the yak.
The yak is lightly wounded.
You hit the yak. You block the yak's attack. The yak gores you!
You barely miss the yak. You headbutt the yak.
The yak is moderately wounded.
You completely miss the yak. You block the yak's attack. x2
The yak gores you.
You barely miss the yak. You headbutt the yak.
The yak is moderately wounded.
You hit the yak. The yak gores you but does no damage.
The yak completely misses you. The yak gores you!
You hit the yak.
The yak is heavily wounded.
You closely miss the yak. You block the yak's attack. The yak gores you.
You hit the yak.
The yak is heavily wounded.
You hit the yak but do no damage. The yak gores you! x2
You block the yak's attack.
You slash the yak!
The yak is severely wounded.
You hit the yak but do no damage. The yak gores you!
* * * LOW HITPOINT WARNING * * *
You block the yak's attack. The yak gores you!
* * * LOW HITPOINT WARNING * * *
You hit the yak.
The yak is almost dead.
You hit the yak. The yak closely misses you. You furiously retaliate!
You headbutt the yak. The yak gores you!
You die...

#######Y...#....#
..#........#....#
..........#.....#
.......Y...#...##
............####
...........#.# ..
.###.....###.## ..#
#....## #..###..#
.###....# #..@Y..#
.......Y####..Y..##
.........)#......#
...#.....).......+
#..##....[.......#
.. ##...........#
##...........#
##..........#
#..........#


You could see 2 yaks.

Vanquished Creatures
  3 yaks (D:4)
  Purgy (D:3)
  A hound (D:4)
  2 iguanas
  8 gnolls
  3 adders
  An adder skeleton (D:4)
  2 worms
  10 orcs
  11 ball pythons
  3 endoplasms
  3 giant cockroaches
  6 hobgoblins
  7 kobolds
  6 quokkas
  A bat (D:1)
  3 frilled lizards
  7 goblins
  5 rats
83 creatures vanquished.

Vanquished Creatures (others)
  5 fungi (D:2)
5 creatures vanquished.

Grand Total: 88 creatures vanquished

Notes
Turn   | Place    | Note
-------+----------+-------------------------------------------
     0 | D:1      | Teslajakalope the Minotaur Fighter began the quest for the
                  | Orb.
     0 | D:1      | Reached XP level 1. HP: 19/19 MP: 0/0
   167 | D:1      | Reached XP level 2. HP: 20/27 MP: 1/1
   255 | D:1      | Found Zusmiras's Assorted Antiques.
   795 | D:2      | Reached XP level 3. HP: 33/33 MP: 2/2
   808 | D:2      | Found a bloodstained altar of Trog.
   837 | D:2      | Became a worshipper of Trog the Wrathful
   956 | D:2      | Reached XP level 4. HP: 15/40 MP: 3/3
  1044 | D:2      | Found a faded altar of an unknown god.
  1346 | D:2      | Found a runed translucent door.
  1347 | D:2      | Noticed Crazy Yiuf
  1616 | D:3      | Reached * piety under Trog
  1682 | D:3      | Reached XP level 5. HP: 46/46 MP: 4/4
  1733 | D:3      | Noticed Purgy
  1757 | D:3      | Killed Purgy
  1758 | D:3      | Reached skill level 1 in Dodging
  1758 | D:3      | Reached skill level 5 in Shields
  1971 | D:3      | Found a basalt altar of Yredelemnul.
  1971 | D:3      | Found a sparkling altar of Nemelex Xobeh.
  2035 | D:4      | Reached XP level 6. HP: 51/53 MP: 5/5
  2238 | D:4      | Reached skill level 5 in Armour
  2405 | D:4      | Reached ** piety under Trog
  2682 | D:4      | Found a runed translucent gate.
  2682 | D:4      | Found a runed translucent gate.
  2682 | D:4      | Found a runed translucent gate.
  2684 | D:4      | Noticed scisormetimb3rs's ghost (novice BaFi)
  3089 | D:5      | Entered Level 5 of the Dungeon
  3100 | D:5      | Reached skill level 5 in Axes
  3154 | D:5      | Noticed a yak
  3154 | D:5      | Noticed a yak
  3154 | D:5      | Noticed a yak
  3154 | D:5      | Noticed a yak
  3198 | D:4      | Killed a yak
  3207 | D:5      | Noticed a yak
  3218 | D:4      | Killed a yak
  3219 | D:4      | Reached skill level 5 in Fighting
  3219 | D:4      | Reached XP level 7. HP: 38/61 MP: 6/6
  3223 | D:4      | Killed a yak
  3277 | D:5      | Slain by a yak

Illustrated notes

Levels and vault maps discovered:
D:1:      minmay_arrival_plants_in_alcoves, layout_rooms, serial_shops,
          shop_fountains, minmay_liquid_box
D:2:      layout_basic, shapermc_ecumenical_altar_mp_highgroup, basic_altar,
          feat_on_display, uniq_crazy_yiuf_cottage
D:3:      layout_loops_ring, gammafunk_temple_overflow_pools,
          minmay_misc_feat_plants, uniq_purgy
D:4:      layout_basic, gammafunk_ghost_nasty_kobolds
D:5:      layout_layer_cave, temple_green, dk_noncrumbling_3,
          amcnicky_mini_pool_small, nicolae_underground_beach, uniq_edmund,
          uniq_duvessa, uniq_menkaure

Skill      XL: |  1  2  3  4  5  6  7 |
---------------+----------------------+-----
Shields        | 4 5 |  5.9
Axes           | 3 4 5 6 |  6.3
Fighting       | 4 5 |  5.1
Armour         | 4 5 6 |  6.2
Dodging        | 1 2 |  2.1
Throwing       | |  0.5
Stealth        | |  0.1

Action                   |  1- 3 |  4- 6 |  7- 9 || total
-------------------------+-------+-------+-------++-------
Melee: War axe           |    76 |   152 |    13 ||   241
       Headbutt          |     9 |    28 |     3 ||    40
Throw: Javelin           |       |     3 |       ||     3
Armor: Scale mail        |    51 |    72 |     2 ||   125
Dodge: Dodged            |    37 |    55 |     3 ||    95
Block: Kite shield       |    50 |   112 |     8 ||   170
